 Dungeon Crawl Stone Soup version 0.17-a0-1515-gfae3d72 (webtiles) character file.

49 namelastname112 the Magician (level 3, -2/30 HPs)
             Began as a Draconian Wizard on July 13, 2015.
             Slain by Rayvis's ghost (17 damage)
             ... on level 3 of the Dungeon.
             The game lasted 00:02:05 (1166 turns).

namelastname112 the Magician (Draconian Wizard)     Turns: 1166, Time: 00:02:06

Health: -2/30      AC:  5    Str:  9    XL:     3   Next: 53%
Magic:  3/8        EV:  7    Int: 19    God:
Gold:   115        SH:  0    Dex:  9    Spells: 1 memorised, 8 levels left

rFire  . . .     SeeInvis .     p - +0 dagger (drain)
rCold  . . .     Clarity  .     (armour unavailable)
rNeg   . . .     SustAt   .     (no shield)
rPois  .         Gourm    .     a - +0 hat
rElec  .         Spirit   .     (no cloak)
rCorr  .         Warding  .     (no gloves)
rMut   .         Stasis   .     (no boots)
MR     .....                    j - amulet of regeneration
Stlth  +.........               (no ring)
                                (no ring)

@: very slightly contaminated, not resistant to hostile enchantments, very
unstealthy
A: unfitting armour, cold-blooded, AC +5
a: no special abilities


You were on level 3 of the Dungeon.
You were hungry.

You visited 1 branch of the dungeon, and saw 3 of its levels.

You collected 115 gold pieces.

Inventory:

Hand weapons
 p - a +0 dagger of draining (weapon)
Armour
 a - a +0 hat (worn)
Jewellery
 j - an amulet of regeneration (around neck)
Scrolls
 e - 2 scrolls of remove curse {unknown}
 g - a scroll of enchant armour {unknown}
 h - a scroll of enchant weapon {unknown}
 i - 3 scrolls of identify {unknown}
 m - 2 scrolls of recharging {unknown}
 o - a scroll of immolation {unknown}
Potions
 k - a potion of haste {unknown}
Books
 b - a book of Minor Magic

   Spells                             Type                      Level
   a - Magic Dart                     Conjuration                  1
   b - Blink                          Translocation                2
   c - Call Imp                       Summoning                    2
   d - Repel Missiles                 Charms/Air                   2
   e - Slow                           Hexes                        2
   f - Conjure Flame                  Conjuration/Fire             3
   g - Mephitic Cloud                 Conjuration/Poison/Air       3
 n - a book of the Earth

   Spells                             Type                      Level
   a - Leda's Liquefaction            Hexes/Earth                  4
   b - Bolt of Magma                  Conjuration/Fire/Earth       5
   c - Statue Form                    Transmutation/Earth          6
   d - Iron Shot                      Conjuration/Earth            6
   e - Shatter                        Earth                        9
Comestibles
 c - a bread ration
 d - a beef jerky
 l - 2 slices of pizza


   Skills:
 + Level 2.4 Fighting
 - Level 1.7 Dodging
 - Level 1.7 Stealth
 + Level 3.7 Spellcasting
 - Level 1.0 Conjurations
   Level 1.0 Summonings
   Level 1.0 Translocations


You had 8 spell levels left.
You knew the following spells:

 Your Spells              Type           Power        Failure   Level  Hunger
z - Magic Dart            Conj           #...         12%         1    None


Dungeon Overview and Level Annotations

Branches:
Dungeon (3/15)

Altars:

Annotations:
D:3 Rayvis's ghost, weakling MiFi


Innate Abilities, Weirdness & Mutations

Your plain brown scales are hard (AC +5).
Your body does not fit into most forms of armour.
You are cold-blooded and may be slowed by cold attacks.


Message History

Casting: Magic Dart
Confirm with . or Enter, or press ? or * to list all spells.
Aiming: Magic Dart
Press: ? - help, Shift-Dir - straight line, f/p - Rayvis's ghost
Aim: Rayvis's ghost (lightly damaged)
The magic dart hits Rayvis's ghost.
Rayvis's ghost is lightly damaged.
Rayvis's ghost hits you.
Casting: Magic Dart
Confirm with . or Enter, or press ? or * to list all spells.
Aiming: Magic Dart
Press: ? - help, Shift-Dir - straight line, f/p - Rayvis's ghost
Aim: Rayvis's ghost (lightly damaged)
You miscast Magic Dart.
You are very lightly contaminated with residual magic.
Nothing appears to happen.
Rayvis's ghost hits you!
Ouch! That really hurt!
Rayvis's ghost hits you!
Ouch! That really hurt!
You die...

#.#### #.#
########.#
#........#
#.#...#..#
.....#.#..#
##.#......#
#.#####.##
#...@W..#
#########


You could see Rayvis's ghost.

Vanquished Creatures
  3 adders
  3 bats
  2 giant cockroaches
  3 goblins
  3 hobgoblins
  A jackal (D:2)
  2 giant newts (D:2)
  A kobold (D:1)
  4 rats
22 creatures vanquished.

Notes
Turn   | Place    | Note
--------------------------------------------------------------
     0 | D:1      | namelastname112 the Draconian Wizard began the quest for the Orb.
     0 | D:1      | Reached XP level 1. HP: 14/14 MP: 4/4
   491 | D:1      | Reached skill level 1 in Fighting
   491 | D:1      | Reached XP level 2. HP: 21/23 MP: 0/6
   531 | D:2      | Found a faded altar to an unknown god.
   616 | D:2      | Reached XP level 3. HP: 21/29 MP: 0/8
  1136 | D:3      | Noticed Rayvis's ghost (weakling MiFi)
  1166 | D:3      | Slain by Rayvis's ghost

Vault maps used:
D:1:      scummos_arrival_checkerplants
D:2:      ecumenical_altar_2, minmay_close_crescents
D:3:      lemuel_doored_altar, first_bread, grunt_decor_fettered

Action                   || total
-------------------------++-------
Melee: Short sword       ||    17
       Unarmed           ||     1
 Cast: Magic Dart        ||    56
